 Dungeon Crawl Stone Soup version 0.24.0-2-g5b39cebb1c (webtiles) character file.

Game seed: 11402086326072694848, levelgen mode: deterministic

21 inmateoo the Slasher (level 2, 0/22 HPs)
             Began as a Vampire Warper on Oct 31, 2019.
             Slain by an ice beast (8 damage)
             ... on level 2 of the Dungeon.
             The game lasted 00:00:37 (742 turns).

inmateoo the Slasher (Vampire Warper)                Turns: 742, Time: 00:00:38

Health: 0/22       AC:  6    Str: 10    XL:     2   Next: 65%
Magic:  5/5        EV: 12    Int: 15    God:
Gold:   58         SH:  0    Dex: 13    Spells: 5/5 levels left

rFire    . . .     SeeInvis +   a - +0 falchion
rCold    . . .     Gourm    .   (no shield)
rNeg     . . .     Faith    .   b - +0 leather armour
rPois    .         Spirit   .   (no helmet)
rElec    .         Reflect  .   (no cloak)
rCorr    .         Harm     .   (no gloves)
MR       .....                  j - +2 pair of boots
Stlth    +.........             (no amulet)
HPRegen  0.27/turn              (no ring)
MPRegen  0.09/turn              (no ring)

@: regenerating quickly
A: no food, fangs 3, see invisible, unbreathing
a: Exsanguinate


You were on level 2 of the Dungeon.
You were alive.

You visited 1 branch of the dungeon, and saw 2 of its levels.

You collected 58 gold pieces.

Inventory:

Hand Weapons
 a - a +0 falchion (weapon)
Missiles
 e - 5 boomerangs of dispersal (quivered)
Armour
 b - a +0 leather armour (worn)
 j - a +2 pair of boots (worn)
Scrolls
 d - a scroll of blinking
 f - a scroll of teleportation {unknown}
 h - a scroll of noise {unknown}
 i - 3 scrolls of identify {unknown}
Potions
 c - a potion of brilliance {unknown}
 g - 2 potions of haste {unknown}


   Skills:
 + Level 2.0 Fighting
 * Level 2.5 Long Blades
 - Level 0.7 Throwing
 + Level 1.1 Armour
 + Level 2.5 Dodging
 - Level 2.0 Spellcasting
   Level 2.4 Translocations


You had 5 spell levels left.
You didn't know any spells.
Your spell library contained the following spells:

 Spells                   Type           Power        Failure   Level  Hunger
 Blink                    Tloc           N/A          17%         2    N/A
 Shroud of Golubria       Chrm/Tloc      #.....       28%         2    N/A
 Gell's Gravitas          Tloc           #.........   34%         3    N/A
 Lesser Beckoning         Tloc           #.........   34%         3    N/A
 Teleport Other           Tloc           #.......     34%         3    N/A
 Passage of Golubria      Tloc           N/A          75%         4    N/A

Dungeon Overview and Level Annotations

Branches:
Dungeon (2/15)

Altars:


Innate Abilities, Weirdness & Mutations

You do not eat.
Your natural rate of healing is unusually fast.
You have razor-sharp teeth.
You have supernaturally acute eyesight. (SInv)
You can survive without breathing.


Message History

The ice beast hits you but does no damage.
An ice beast is nearby!
You hit the ice beast.
The ice beast is lightly wounded.
The ice beast closely misses you.
You barely miss the ice beast.
The ice beast is lightly wounded.
The ice beast hits you but does no damage.
You hit the ice beast. Your bite misses the ice beast.
The ice beast is lightly wounded.
The ice beast closely misses you.
You completely miss the ice beast.
The ice beast is lightly wounded.
The ice beast hits you but does no damage.
You hit the ice beast.
The ice beast is moderately wounded.
The ice beast hits you. The ice beast freezes you!
Ouch! That really hurt!
The ice beast hits you. The ice beast freezes you!
You die...

.......# ######
....%..#######.#..#
#.........#..#
#####.#######.#..#
#........# #.#..#
#.######.####.#..######
#.#....#....<.#.......#
#.#..###########.####.#
#.#...........@Y.# .#
#.##.############# .#
#....# .# ###### %# .#
.#


You could see an ice beast.

Vanquished Creatures
  An ooze (D:1)
  A dart slug (D:1)
  A bat (D:1)
  3 goblins (D:1)
  3 hobgoblins (D:1)
  A ball python (D:1)
  3 kobolds (D:1)
  2 rats (D:1)
15 creatures vanquished.

Notes
Turn   | Place    | Note
-------+----------+-------------------------------------------
     0 | D:1      | inmateoo the Vampire Warper began the quest for the Orb.
     0 | D:1      | Reached XP level 1. HP: 16/16 MP: 3/3
   106 | D:1      | Reached skill level 1 in Armour
   106 | D:1      | Reached XP level 2. HP: 8/22 MP: 5/5
   730 | D:2      | Noticed an ice beast
   742 | D:2      | Slain by an ice beast

Levels and vault maps discovered:
D:1:      mrwooster_arrival_statue, layout_basic, serial_corexii_hall,
          corexii_hall_statues_deadend, corexii_hall_statues_s
D:2:      kennysheep_six_static_rooms, layout_basic,
          nicolae_overflow_crystal_walls, first_ration, minmay_pentomino_u2,
          uniq_sigmund, uniq_jessica

Skill      XL: |  1 |
---------------+----+-----
Fighting       | 2 |  2.0
Armour         | 1 |  1.1
Long Blades    | |  2.5
Throwing       | |  0.7
Dodging        | |  2.5
Spellcasting   | |  2.0
Translocations | |  2.4

Action                   || total
-------------------------++-------
Melee: Falchion          ||    48
       Bite              ||     1
Armor: Leather armour    ||    14
Dodge: Dodged            ||    18
       Rpst.: Falchion   ||     1
